wizbiz, chaotic female elven Wizard -------- ------ |<|>...---....| |.|-..........| |.||....|%....| |.||..``|@Y...| |.|------Y----| |.| |.Y....| |.------......| |.............| |..-----......| ---- -------- wizbiz the Thaumaturge Experience level: 6 Strength: 10 Dexterity: 14 Constitution: 13 Intelligence: 20 Wisdom: 14 Charisma: 8 Health: 0(44) Energy: 46(59) Def: 1 Gold: 943 Moves: 3398 Dungeon seed: dN3TRN4mGAQzjzZX Game ID: wizbiz_1532407876 Your Inventory: Coins $ - 943 gold pieces Weapons a - a blessed +1 quarterstaff (weapon in hands) q - a +0 sling v - a +0 orcish dagger (in quiver) D - a +0 scimitar Armor e - an uncursed +0 cloak of magic resistance (being worn) Y - an uncursed +0 cloak of invisibility Comestibles m - 8 uncursed food rations o - an uncursed egg u - 2 uncursed tripe rations A - an uncursed fortune cookie I - 4 uncursed slime molds Scrolls i - an uncursed scroll of light z - an uncursed scroll of gold detection B - a cursed scroll of teleportation H - an uncursed scroll of amnesia K - a cursed scroll of earth L - an uncursed scroll of earth Potions f - an uncursed potion of levitation g - 2 uncursed potions of confusion s - an uncursed potion of water t - a cursed potion of object detection w - 2 uncursed potions of gain ability Rings c - an uncursed +2 ring of increase damage (on left hand) d - an uncursed ring of fire resistance O - an uncursed ring of invisibility Wands b - a wand of secret door detection (0:14) E - a wand of light (0:13) J - a wand of lightning (0:8) Tools l - an uncursed leather drum C - a bag of tricks (0:19) F - an uncursed magic whistle G - an uncursed bugle Gems n - 2 uncursed amber stones r - an uncursed worthless piece of black glass y - 2 uncursed worthless pieces of violet glass N - an uncursed worthless piece of green glass Spells and supernatural/magical abilities: Name Level Category Fail Memory a - force bolt 1 attack 0% 84% s - slow monster 2 enchantment 0% 85% S - stone to flesh 3 healing 63% 84% W - pray for help -- divine ? -- Your skills at the end: Fighting Skills Weapon Skills quarterstaff [Basic] Spellcasting Skills attack spells [Basic] enchantment spells [Basic] Final Attributes: You were piously aligned. You were sleep resistant. You were magic-protected. You had infravision. You had a +2 damage bonus. You are dead. Vanquished creatures: a giant beetle a dingo a rock piercer a rock mole a shrieker a gray ooze a straw golem 4 giant ants a little dog a floating eye a kitten 2 homunculi 5 rothes a centipede a giant bat 3 wererats 3 iguanas an acid blob a hobbit a large kobold a hobgoblin 2 giant rats 4 cave spiders 2 yellow molds a gnome 3 geckos 4 jackals a grid bug a bat 3 lichens 3 kobold zombies 3 newts 60 creatures vanquished. Voluntary challenges: You used a wielded weapon 27 times, starting on turn 150. You read items or engraved 6 times, starting on turn 281. You never genocided any monsters. You never polymorphed an object. You changed form 1 time, starting on turn 2355. You used no wishes. You never split a pudding. You never wrote Elbereth's name. You violated your moral code, losing 22 points of alignment, starting on turn 2227. Dungeon overview: The Dungeons of Doom: levels 1 to 9 Level 1 a long staircase Level 2 an armor shop, an altar to Thoth Level 3 an armor shop Level 4 (stash) stairs to The Gnomish Mines Level 5 some fountains Level 6 (vault) Level 7 many fountains Level 8 stairs to Sokoban Level 9 a fountain The Gnomish Mines: Level 5 stairs to The Dungeons of Doom Sokoban: Level 7 <- You were here stairs to The Dungeons of Doom History has recorded: On T:1 you entered the Dungeons of Doom to retrieve the Amulet of Yendor! On T:60 you reached level 2 of The Dungeons of Doom. On T:228 you reached level 3 of The Dungeons of Doom. On T:916 you advanced to experience level 2. On T:947 you reached level 4 of The Dungeons of Doom. On T:977 you reached level 1 of The Gnomish Mines. On T:1154 you advanced to experience level 3. On T:1276 you reached level 5 of The Dungeons of Doom. On T:1384 you advanced to experience level 4. On T:1390 you reached level 6 of The Dungeons of Doom. On T:1933 you reached level 7 of The Dungeons of Doom. On T:2229 you advanced to experience level 5. On T:2523 you reached level 8 of The Dungeons of Doom. On T:2820 you reached level 9 of The Dungeons of Doom. On T:2903 you reached level 4 of Sokoban. On T:3091 you advanced to experience level 6. Score breakdown: Gold: 943 (10119 points) Experience: 6 levels (12456 points) Exploration: 9 levels ( 18.75%) (12377 points) Discoveries: 8 items ( 2.88%) ( 5089 points) Valuables value: (no points given unless you survive) Artifact value: 0 ( 0 points) Variety of kills: 32 monsters ( 8.40%) ( 8694 points) Turncount: 3398 turns ( -784 points) Survival: died (score multiplied by 80%) Total score: 38360 Latest messages: The spell hits the dingo! You kill the dingo! With great effort you move the boulder. The boulder fills a pit. You see here a giant beetle corpse. With great effort you move the boulder. The wererat changes into a rat. The wererat hits! The wererat bites! The spell hits the wererat! You kill the wererat! With great effort you move the boulder. You see here 2 slime molds. I - 2 slime molds. You see here a wererat corpse. The ape hits! (2x) The ape bites! The ape hits! (2x) The ape bites! The ape hits! (2x) The ape bites! You write in the dust with your fingers. The ape hits! You die... Final status: Goodbye wizbiz the Wizard, killed by an ape... You died in Sokoban on dungeon level 7 with 38360 points, and 943 pieces of gold, after 3398 moves. You were level 6 with a maximum of 44 hit points when you died.